 Dungeon Crawl Stone Soup version 0.30-a0-782-ge64f9170bb (webtiles) character file.

Game seed: 17753121333660560125

2415 IndexError the Skirmisher (level 9, -11/56 HPs)
             Began as a Gargoyle Hunter on Feb 27, 2023.
             Was a Follower of Yredelemnul.
             Mangled by a two-headed ogre
             ... wielding a +0 giant spiked club
              (26 damage)
             ... on level 6 of the Dungeon.
             The game lasted 00:13:02 (5887 turns).

IndexError the Skirmisher (Gargoyle Hunter)         Turns: 5887, Time: 00:13:03

Health: -11/56     AC: 18    Str: 16    XL:     9   Next: 47%
Magic:  9/9        EV:  7    Int: 15    God:    Yredelemnul [*.....]
Gold:   155        SH:  0    Dex: 17    Spells: 8/8 levels left

rFire   + . .      SeeInvis .    a - +0 shortbow
rCold   . . .      Faith    +    (shield currently unavailable)
rNeg    + . .      Spirit   .    h - +2 chain mail {rF+}
rPois   ∞          Reflect  .    t - +0 helmet
rElec   +          Harm     .    (no cloak)
rCorr   .          Rampage  .    g - +0 pair of gloves
Will    .....                    (no boots) Stlth
                                 H - amulet of faith {Faith, !P}
HPRegen 0.29/turn                j - +6 ring of intelligence
MPRegen 0.11/turn                (no ring)

@: no status effects
A: sickness immunity, AC +6, negative energy resistance 1, electricity
resistance, torment resistance 1, petrification resistance
a: Renounce Religion, Recall Undead Harvest


You were on level 6 of the Dungeon.
You worshipped Yredelemnul.
Yredelemnul was noncommittal.
You visited 1 branch of the dungeon, and saw 6 of its levels.

You collected 155 gold pieces.

Inventory:

Hand Weapons
 a - a +0 shortbow (weapon)
 b - a +2 dagger of flaming
   (You took it off a goblin on level 2 of the Dungeon)
Armour
 c - a +0 leather armour
 g - a +0 pair of gloves (worn)
   (You found it on level 1 of the Dungeon)
 h - a +2 chain mail of fire resistance (worn)
   (You found it on level 1 of the Dungeon)
 p - a +0 robe
   (You took it off Jessica on level 2 of the Dungeon)
 r - a +0 robe
   (You took it off Sigmund on level 2 of the Dungeon)
 s - a +0 animal skin
   (You took it off Robin on level 2 of the Dungeon)
 t - a +0 helmet (worn)
   (You took it off Robin on level 2 of the Dungeon)
 x - a +0 chain mail
   (You found it on level 3 of the Dungeon)
 y - a +0 chain mail
   (You took it off Terence on level 3 of the Dungeon)
 z - a +0 robe
   (You found it on level 3 of the Dungeon)
 A - a +0 robe
   (You took it off a hobgoblin on level 3 of the Dungeon)
 D - a +0 chain mail
   (You found it on level 4 of the Dungeon)
 F - a +0 robe
   (You found it on level 4 of the Dungeon)
 G - a +0 robe
   (You found it on level 4 of the Dungeon)
 J - a +0 ring mail
   (You found it on level 4 of the Dungeon)
 K - a +0 leather armour
   (You took it off an orc on level 4 of the Dungeon)
 L - a +0 leather armour
   (You took it off an orc on level 5 of the Dungeon)
 M - a +0 robe
   (You took it off an orc wizard on level 5 of the Dungeon)
 N - a +0 robe
   (You took it off an orc wizard on level 5 of the Dungeon)
 O - a +0 robe
   (You took it off an orc wizard on level 5 of the Dungeon)
 P - a +0 robe
   (You took it off an orc wizard on level 5 of the Dungeon)
 Q - a +0 leather armour
   (You took it off Eustachio on level 5 of the Dungeon)
 S - a +0 leather armour
   (You took it off an orc on level 5 of the Dungeon)
 T - a +0 robe
   (You took it off an orc wizard on level 5 of the Dungeon)
 U - a +0 scale mail
   (You found it on level 5 of the Dungeon)
 V - a +0 chain mail
   (You found it on level 5 of the Dungeon)
 W - a +0 ring mail
   (You found it on level 5 of the Dungeon)
 X - a +0 robe
   (You took it off an orc wizard on level 6 of the Dungeon)
 Y - a +0 robe
   (You took it off an orc wizard on level 6 of the Dungeon)
 Z - a +0 chain mail
   (You took it off an orc warrior on level 6 of the Dungeon)
Magical Staves
 i - a staff of earth
   (You found it on level 1 of the Dungeon)
 I - a staff of air {rElec}
   (You found it on level 4 of the Dungeon)
Jewellery
 j - a +6 ring of intelligence (left hand)
   (You found it on level 1 of the Dungeon)
 H - an amulet of faith (around neck) {Faith, !P}
   (You found it on level 4 of the Dungeon)
Wands
 q - a wand of flame (6)
   (You took it off Jessica on level 2 of the Dungeon)
Scrolls
 e - 6 scrolls of brand weapon {unknown}
 f - a scroll of butterflies {unknown}
 l - 6 scrolls of identify {unknown}
 m - a scroll of blinking {unknown}
 o - a scroll of enchant armour {unknown}
 u - a scroll of immolation {!r}
 w - 2 scrolls of teleportation {unknown}
 B - a scroll of fear {unknown}
 C - 3 scrolls of poison {unknown}
Potions
 d - a potion of berserk rage {unknown}
 k - 2 potions of invisibility {unknown}
 n - a potion of lignification {unknown}
 v - 2 potions of heal wounds
 E - a potion of degeneration {unknown}
 R - 2 potions of resistance


   Skills:
 * Level 6.4 Fighting
 + Level 11.8 Ranged Weapons
 - Level 1.5 Dodging
 - Level 1.1 Stealth


You had 8 spell levels left.
You didn't know any spells.
Your spell library contained the following spells:

 Spells                   Type           Power      Damage    Failure   Level
 Shock                    Conj/Air       0%         1d3       99%         1
 Swiftness                Air            0%         N/A       100%        3
 Airstrike                Air            0%         2d(0-16)  100%        4
 Anguish                  Hex/Necr       0%         N/A       100%        4
 Animate Armour           Summ/Erth      0%         N/A       100%        4
 Blade Hands              Tmut           0%         N/A       100%        5
 Iron Shot                Conj/Erth      0%         9d1       100%        6
 Enfeeble                 Hex            0%         N/A       100%        7


Dungeon Overview and Level Annotations

Branches:
Dungeon (6/15)
 Temple: D:4-7

Altars:
Nemelex Xobeh
Wu Jian
Yredelemnul
The Shining One


Innate Abilities, Weirdness & Mutations

You are immune to sickness and miasma.
Your stone body is resilient. (AC +6)
You are immune to poison.
You resist negative energy. (rN+)
You are resistant to electric shocks. (rElec)
You are resistant to unholy torment.
You are immune to petrification.


Message History

Your centaur zombie kicks the ice beast but does no damage.
Spoiler Alert: The ice beast (ally target) can hit for moderate damage in melee!
You shoot an arrow. The arrow hits the ice beast!
The ice beast hits you but does no damage.
Your centaur zombie hits the ice beast but does no damage.
Your centaur zombie kicks the ice beast.
A scorpion comes into view.
Your centaur zombie closely misses the ice beast. x2
The ice beast hits your centaur zombie.
The ice beast freezes your centaur zombie.
Your centaur zombie resists.
Warning x2: The ice beast (distracted, ally target) can hit for moderate damage in melee!
The cyclops can throw large rocks!
Health restored: 55 You shoot an arrow.
The arrow hits the ice beast.
Your centaur zombie hits the ice beast but does no damage.
Your centaur zombie kicks the ice beast but does no damage.
The ice beast hits your centaur zombie.
The ice beast freezes your centaur zombie.
Your centaur zombie resists.
Your centaur zombie closely misses the ice beast.
Your centaur zombie kicks the ice beast.
Warning x2: The ice beast (distracted, ally target) can hit for moderate damage in melee!
The cyclops can throw large rocks!
You shoot an arrow. The arrow hits the ice beast!
The dead are walking!
You can now trade souls for undead servants.
A two-headed ogre comes into view.
It is wielding a +0 giant spiked club and a +0 giant club.
The cyclops hits your centaur zombie!!
The two-headed ogre moves out of view.
Spoiler Alert: The cyclops (ally target) can throw large rocks!
Health restored: 56 You shoot an arrow.
The arrow hits the cyclops.
The cyclops hits your spectral shadow imp!
Your spectral shadow imp hits the cyclops.
Your spectral shadow imp drains the cyclops.
Your ice beast zombie hits the cyclops but does no damage.
Spoiler Alert: The cyclops (drained, ally target) can throw large rocks!
You shoot an arrow. The arrow hits the ogre!
You hear two shouts!
The ogre barely misses you.
Your spectral shadow imp hits the cyclops.
The cyclops completely misses your spectral shadow imp.
Your ice beast zombie hits the cyclops but does no damage.
Spoiler Alert: The cyclops (drained, ally target) can throw large rocks!
You shoot an arrow. The arrow barely misses the ogre.
Your spectral shadow imp hits the cyclops.
The ogre barely misses you.
Your ice beast zombie barely misses the cyclops.
The cyclops hits your spectral shadow imp!!
You can no longer trade souls for undead servants.
Spoiler Alert: The cyclops (drained, ally target) can throw large rocks!
You shoot an arrow. The arrow hits the ogre.
The ogre closely misses you.
Your ice beast zombie hits the cyclops but does no damage.
Your spectral white imp hits the cyclops.
The cyclops throws a large rock.
The large rock barely misses your spectral white imp.
The large rock hits you!
Spoiler Alert: The cyclops (drained, ally target) can throw large rocks!
You take 13 damage, and have 43/56 hp.
MASSIVE DAMAGE!!
You shoot an arrow. The arrow hits the ogre!
Your spectral white imp hits the cyclops.
Your ice beast zombie hits the cyclops.
The ogre barely misses you.
The cyclops barely misses your spectral white imp.
Spoiler Alert: The cyclops (drained, ally target) can throw large rocks!
You shoot an arrow.
The arrow hits the ogre but does no damage.
Your spectral white imp hits the cyclops but does no damage.
Your ice beast zombie hits the cyclops.
The cyclops hits your spectral white imp but does no damage.
Your spectral white imp hits the cyclops.
Your spectral white imp drains the cyclops.
Spoiler Alert: The cyclops (drained, ally target) can throw large rocks!
You shoot an arrow.
The arrow hits the two-headed ogre but does no damage.
Your ice beast zombie hits the cyclops but does no damage.
Your spectral white imp hits the cyclops but does no damage.
The cyclops barely misses your spectral white imp.
Spoiler Alert: The cyclops (drained, ally target) can throw large rocks!
You shoot an arrow. The arrow hits the two-headed ogre.
The two-headed ogre hits your spectral white imp with a +0 giant spiked club!
Something hits your sky beast zombie!!
Your ice beast zombie hits the cyclops.
Spoiler Alert: The cyclops (drained, ally target) can throw large rocks!
You shoot an arrow.
The arrow hits the cyclops but does no damage.
The two-headed ogre hits you with a +0 giant spiked club!
The two-headed ogre barely misses you.
Your ice beast zombie hits the cyclops.
The cyclops hits you.
The ogre hits you with a +0 giant club!!
* * * LOW HITPOINT WARNING * * *
Spoiler Alert: The cyclops (drained, ally target) can throw large rocks!
You take 31 damage, and have 14/56 hp.
MASSIVE DAMAGE!!
You are too injured to fight recklessly!
Spoiler Alert: The cyclops (drained, ally target) can throw large rocks!
You are too injured to fight recklessly!
Spoiler Alert: The cyclops (drained, ally target) can throw large rocks!
Fire: a) +0 shortbow
Press: ? - help, Q - select action Shift-Dir - straight line, f/p - cyclops
Aim: a cyclops, quivering large rocks (heavily wounded, lightly drained, ally target, 88% to hit)
You shoot an arrow. The arrow hits the cyclops!
Your ice beast zombie hits the cyclops but does no damage.
The two-headed ogre hits you with a +0 giant spiked club!!
You die...
Your body rises from the dead as a mindless zombie.

#.#####...............#......#.
#.......#############.....Z....
#.####### #.#......#. #.#
#.#......#. #.# ##########.#...
#.# #######........Z..... #.#
#.....'......#######. #.#
#..OZ.#..##..# #. #.#
#..#@.#..##..# ##.
#..OC.#....Z.######..
#...Z.#......#.......
##'###########....... #. ..#l
.C######.# #.... s# ..# #.#
#... . #######.# .?. ##
#........ #.#......


You could see a two-headed ogre, a cyclops (drained, ally target), an ogre, a
scorpion, an iguana, a friendly ice beast zombie and a friendly sky beast
zombie.

Vanquished Creatures
  Sigmund (D:2)
  Eustachio (D:5)
  A water moccasin (D:5)
  An orc warrior (D:6)
  An ice beast (D:6)
  Pargi (D:3)
  A sky beast (D:6)
  A centaur (D:6)
  2 ogres
  A phantom (D:4)
  A bullfrog (D:6)
  2 scorpions
  3 jellies
  An orc priest (D:5)
  A hound (D:4)
  Jessica (D:2)
  7 orc wizards
  Terence (D:3)
  Robin (D:2)
  9 gnolls
  6 adders
  A shadow imp (D:6)
  A white imp (D:6)
  2 ufetubi
  4 worms
  11 orcs
  10 endoplasms
  3 giant cockroaches
  8 goblins
  8 hobgoblins
  4 jackals (D:4)
  4 quokkas
  10 ball pythons
  9 bats
  A frilled lizard (D:2)
  8 kobolds
  4 rats
132 creatures vanquished.

Vanquished Creatures (collateral kills)
  The ghost of Thjof the Changer, an amateur MfTm of Okawaru (D:4)
  2 phantoms (D:4)
  A bullfrog (D:4)
  A necrophage (D:6)
  A hound (D:4)
  An iguana (D:4)
  3 adders
  A dart slug (D:4)
  A ball python (D:4)
  3 endoplasms
  2 giant cockroaches
  A goblin (D:2)
  A hobgoblin (D:4)
  A frilled lizard (D:1)
  3 kobolds
  A rat (D:1)
24 creatures vanquished.

Vanquished Creatures (others)
  A centaur zombie (D:6)
  2 adder zombies
  A jelly zombie (D:3)
  An orc zombie (D:6)
  A spectral shadow imp (D:6)
  A spectral white imp (D:6)
  2 bat zombies
  3 ball python zombies
  3 endoplasm zombies
  A frilled lizard zombie (D:2)
  A giant cockroach zombie (D:2)
  4 gnoll zombies
  2 goblin zombies (D:2)
  4 hobgoblin zombies
  A jackal zombie (D:4)
  2 kobold zombies (D:3)
  A quokka zombie (D:2)
  A rat zombie (D:2)
  5 fungi (D:3)
  15 plants
  8 toadstools (D:3)
60 creatures vanquished.

Grand Total: 216 creatures vanquished

Notes
Turn   | Place    | Note
-------+----------+-------------------------------------------
     0 | D:1      | IndexError the Gargoyle Hunter began the quest for the Orb.
     0 | D:1      | Reached XP level 1. HP: 12/12 MP: 1/1
    17 | D:1      | Found a faded altar of an unknown god.
    34 | D:1      | Prayed at the altar of an unknown god.
    34 | D:1      | Became a worshipper of Yredelemnul the Dark
    34 | D:1      | Reached * piety under Yredelemnul
   158 | D:1      | Reached XP level 2. HP: 17/17 MP: 2/2
   290 | D:1      | Reached ** piety under Yredelemnul
   708 | D:2      | Reached XP level 3. HP: 21/21 MP: 3/3
   813 | D:2      | Reached skill level 5 in Ranged Weapons
  1011 | D:2      | Reached XP level 4. HP: 14/26 MP: 4/4
  1142 | D:2      | Noticed Jessica
  1147 | D:2      | Killed Jessica
  1277 | D:2      | Reached skill level 6 in Ranged Weapons
  1295 | D:2      | Noticed Sigmund
  1299 | D:2      | Noticed Robin
  1359 | D:2      | Killed Robin
  1360 | D:2      | Reached XP level 5. HP: 21/30 MP: 5/5
  1362 | D:2      | Your ally Robin died
  1372 | D:2      | HP: 7/30 [Sigmund/puff of flame (8)]
  1376 | D:2      | Killed Sigmund
  1377 | D:2      | Reached skill level 7 in Ranged Weapons
  1377 | D:2      | Reached XP level 6. HP: 10/35 MP: 6/6
  1916 | D:3      | Noticed Pargi
  1995 | D:3      | HP: 2/35 [gnoll/+0 halberd (10)]
  2320 | D:3      | Reached skill level 8 in Ranged Weapons
  2325 | D:3      | HP: 6/35 [frozen (4)]
  2326 | D:3      | HP: 2/35 [frozen (4)]
  2511 | D:3      | Noticed Terence
  2519 | D:3      | Killed Terence
  2520 | D:3      | Reached XP level 7. HP: 40/40 MP: 7/7
  2607 | D:3      | Killed Pargi
  3297 | D:4      | Reached skill level 9 in Ranged Weapons
  3374 | D:4      | Found a runed translucent door.
  3439 | D:4      | Noticed Thjof's ghost (amateur MfTm)
  3522 | D:4      | Reached XP level 8. HP: 40/44 MP: 8/8
  3562 | D:4      | Found a runed translucent door.
  3780 | D:4      | Reached skill level 10 in Ranged Weapons
  3834 | D:4      | Reached *** piety under Yredelemnul
  4049 | D:4      | Killed Thjof's ghost
  4093 | D:5      | Entered Level 5 of the Dungeon
  4291 | D:5      | Noticed Eustachio
  4299 | D:5      | Killed Eustachio
  4300 | D:5      | Reached skill level 11 in Ranged Weapons
  4351 | D:5      | Reached skill level 3 in Fighting
  4546 | D:5      | Found an ornate altar of the Wu Jian Council.
  4546 | D:5      | Found a glowing golden altar of the Shining One.
  4546 | D:5      | Found a sparkling altar of Nemelex Xobeh.
  4919 | D:5      | Reached skill level 4 in Fighting
  4919 | D:5      | Reached XP level 9. HP: 52/52 MP: 9/9
  5245 | D:6      | Noticed a troll
  5404 | D:6      | Reached skill level 5 in Fighting
  5754 | D:6      | Reached skill level 6 in Fighting
  5791 | D:6      | Noticed a cyclops
  5877 | D:6      | Noticed a two-headed ogre
  5886 | D:6      | HP: 14/56 [ogre/+0 giant club (18)]
  5887 | D:6      | Mangled by a two-headed ogre

Illustrated notes

Levels and vault maps discovered:
D:1:      lightli_arrival_maybe_door_vault, layout_loops_ring,
          basic_ecumenical_altar, kennysheep_minor_cross
D:2:      layout_basic, minmay_misc_feat_plants, minmay_hedge_maze,
          amethyst_killhole, uniq_robin, uniq_jessica, uniq_sigmund
D:3:      cheibrodos_fertilizer, layout_basic, hangedman_decor_points,
          chequers_big_river, dk_vineyard_2, amcnicky_mini_pool_small,
          uniq_terence, uniq_pargi
D:4:      cheibrodos_quashed, layout_rooms, ebering_ghost_sewer_f, st_stairs_11,
          hangedman_minor_gate_pass
D:5:      layout_loops_corners, gammafunk_temple_overflow_forgotten,
          minmay_a_box_with_orc_wizards_in_it, uniq_eustachio
D:6:      minmay_clustersquares, layout_loops_ring, kennysheep_mini,
          uniq_blork_the_orc

Skill      XL: |  1  2  3  4  5  6  7  8  9 |
---------------+----------------------------+-----
Ranged Weapons | 5 6 7 8 9 11 | 11.8
Fighting       | 4 6 |  6.4
Dodging        | |  1.5
Stealth        | |  1.1

Action                     |  1- 3 |  4- 6 |  7- 9 || total
---------------------------+-------+-------+-------++-------
  Melee: Dagger            |       |    22 |    12 ||    34
         Punch             |       |       |     1 ||     1
   Fire: Shortbow          |    72 |   123 |   354 ||   549
 Invoke: Recall Undead Har |     1 |       |       ||     1
         Dark Bargain      |       |       |     1 ||     1
 Armour: Leather armour    |    14 |    38 |       ||    52
         Chain mail        |       |     2 |   297 ||   299
  Dodge: Dodged            |    21 |    54 |   177 ||   252

Table legend: (Time is in decaauts)
 A = Elapsed time spent in this place.
 B = Non-inter-level travel time spent in this place.
 C = Inter-level travel time spent in this place.
 D = Time resting spent in this place.
 E = Time spent auto-exploring this place.
 F = Levels seen in this place.
 G = Mean time per level.
                   A        B        C        D        E       F      G
               +--------+--------+--------+--------+--------+-----+--------+
         Total |   6110 |   5822 |    288 |      0 |   4519 |   6 | 1018.3 |
       Dungeon |   6110 |   5822 |    288 |      0 |   4519 |   6 | 1018.3 |
               +--------+--------+--------+--------+--------+-----+--------+

Top non-repeatable levels by time:
     D:2: 1318 daAuts
     D:3: 1296 daAuts
     D:5: 1204 daAuts
     D:4: 983 daAuts
     D:1: 668 daAuts
     D:6: 639 daAuts

Table legend:
 A = Kills in this place as a percentage of kills in entire the game.
 B = Kills by you in this place as a percentage of kills by you in the entire game.
 C = Kills by friends in this place as a percentage of kills by friends in the entire game.
 D = Other kills in this place as a percentage of other kills in the entire game.
 E = Experience gained in this place as a percentage of experience gained in the entire game.
 F = Experience gained in this place divided by the number of levels of this place that you have seen.
                   A       B       C       D       E      F
               +-------+-------+-------+-------+-------+----------------------
         Total | 100.0 | 100.0 | 100.0 |   N/A | 100.0 | 575.2
       Dungeon | 100.0 | 100.0 | 100.0 |   N/A | 100.0 | 575.2
               +-------+-------+-------+-------+-------+----------------------
